 Dungeon Crawl Stone Soup version 0.27-a0-795-ge5c3fa52fd (webtiles) character file.

Game seed: 9616650293344628255

10525 DarkShadow the Cleaver (level 11, -11/95 HPs)
             Began as a Minotaur Fighter on Mar 26, 2021.
             Was an Initiate of Gozag.
             Mangled by a large slime creature (38 damage)
             ... on level 11 of the Dungeon on Mar 27, 2021.
             The game lasted 00:36:35 (10535 turns).

DarkShadow the Cleaver (Minotaur Fighter)          Turns: 10535, Time: 00:36:36

Health: -11/95     AC: 13    Str: 21    XL:     11   Next: 37%
Magic:  10/10      EV: 15    Int:  5    God:    Gozag
Gold:   1738       SH: 12    Dex: 13    Spells: 10/10 levels left

rFire    + . .     SeeInvis .   a - +2 war axe (venom)
rCold    . . .     Faith    .   c - +0 kite shield
rNeg     . . .     Spirit   .   u - +0 scale mail {rF+}
rPois    .         Reflect  .   (helmet restricted)
rElec    .         Harm     .   o - +0 cloak
rCorr    .         Rampage  .   (no gloves)
Will     .....                  p - +2 pair of boots
Stlth    +.........             A - amulet of regeneration
HPRegen  1.25/turn              k - +4 ring of evasion
MPRegen  0.12/turn              (no ring)

@: gold aura, slowed, very slow
A: horns 2, retaliatory headbutt
a: Renounce Religion, Potion Petition, Call Merchant, Bribe Branch


You were on level 11 of the Dungeon.
You worshipped Gozag.
Gozag was most pleased with you.
You visited 1 branch of the dungeon, and saw 12 of its levels.

You collected 1776 gold pieces.
You paid 38 gold pieces to Gozag.

Inventory:

Hand Weapons
 a - a +2 war axe of venom (weapon)
Armour
 b - a +0 scale mail
 c - a +0 kite shield (worn)
 o - a +0 cloak (worn)
 p - a +2 pair of boots (worn)
 u - a +0 scale mail of fire resistance (worn)
 v - a +1 ring mail of fire resistance
 D - a +1 pair of boots
Jewellery
 k - a +4 ring of evasion (left hand)
 q - a ring of flight
 t - an amulet of the acrobat
 A - an amulet of regeneration (around neck)
Wands
 g - a wand of flame (9)
 w - a wand of polymorph (11)
Scrolls
 j - 3 scrolls of teleportation
 s - 2 scrolls of amnesia
 y - 2 scrolls of fog
 B - a scroll of magic mapping
Potions
 d - a potion of heal wounds
 e - a potion of berserk rage
 f - a potion of brilliance
 h - 3 potions of attraction
 i - 2 potions of haste
 l - 3 potions of flight
 m - 2 potions of lignification
 n - 3 potions of curing
 r - a potion of degeneration {unknown}
 x - 2 potions of might
 z - a potion of resistance
 C - a potion of ambrosia {unknown}


   Skills:
 + Level 8.9 Fighting
 + Level 13.9 Axes
 + Level 8.8 Armour
 + Level 5.1 Dodging
 + Level 2.1 Stealth
 + Level 10.1 Shields


You had 10 spell levels left.
You didn't know any spells.
Your spell library contained the following spells:

 Spells                   Type           Power      Damage    Failure   Level
 Apportation              Tloc           0%         N/A       93%         1
 Magic Dart               Conj           0%         1d3       93%         1
 Sandblast                Erth           0%         2d4       93%         1
 Blink                    Tloc           N/A        N/A       98%         2
 Call Imp                 Summ           0%         N/A       98%         2
 Searing Ray              Conj           0%         3d3       98%         2
 Slow                     Hex            0%         N/A       98%         2
 Conjure Flame            Conj/Fire      0%         6-21      100%        3
 Dazzling Flash           Conj/Hex       0%         N/A       100%        3
 Gell's Gravitas          Tloc           0%         N/A       100%        3
 Lesser Beckoning         Tloc           0%         N/A       100%        3
 Mephitic Cloud           Conj/Pois/Air  0%         N/A       100%        3
 Portal Projectile        Hex/Tloc       0%         N/A       100%        3
 Fulminant Prism          Conj/Hex       0%         3d6       100%        4
 Iskenderun's Mystic Bla  Conj/Tloc      0%         2d3       100%        4
 Petrify                  Tmut/Erth      0%         N/A       100%        4
 Bolt of Magma            Conj/Fire/Erth 0%         4d4       100%        5


Dungeon Overview and Level Annotations

Branches:
Dungeon (12/15)            Temple (0/1) D:5            Lair (0/6) D:8
    Orc (0/2) D:10

Altars:
Ashenzari
Dithmenos
Gozag
Sif Muna
Wu Jian
Yredelemnul

Shops:
D:5 [:(


Innate Abilities, Weirdness & Mutations

You have a pair of horns on your head.
You reflexively headbutt those who attack you in melee.


Message History

The enormous slime creature hits you but does no damage.
You closely miss the wraith. You headbutt the wraith!
The wraith is moderately damaged.
You slash the enormous slime creature! The wraith misses you.
The enormous slime creature hits you!!! The wraith hits you.
The wraith drains your vigour!
You feel as though you will be slow longer.
You slash the wraith!
You headbutt the wraith, but do no damage.
The wraith is severely damaged.
You completely miss the enormous slime creature.
An enormous slime creature splits.
You block the wraith's attack.
You hit the wraith.
You headbutt the wraith, but do no damage.
The wraith is severely damaged.
You hit the large slime creature. You slash the large slime creature!
A large slime creature splits.
The wraith closely misses you. The large slime creature hits you.
The slime creature hits you!
You hit the wraith but do no damage.
The wraith is severely damaged.
You hit the slime creature. You barely miss the slime creature.
You slash the large slime creature! You block the wraith's attack.
The large slime creature misses you. The slime creature hits you!
The slime creature barely misses you. You block the wraith's attack.
You hit the wraith.
The wraith is almost destroyed.
You slash the slime creature! x2
The slime creature looks as sick as possible!
You slash the large slime creature! The large slime creature hits you!!
* * * LOW HITPOINT WARNING * * *
The slime creature barely misses you.
The slime creature hits you but does no damage.
You block the wraith's attack.
The large slime creature barely misses you.
You feel much better. The slime creature hits you!
* * * LOW HITPOINT WARNING * * *
The slime creature hits you but does no damage.
You block the wraith's attack. The large slime creature hits you!!!
You die...
Your body crumbles into a pile of gold.

.........# .........# ..##.....##
..#.......# ..........#######
...#)##...#.#...#
#.....#.....#...##
#.....#........JJ#####
...##....^.....W@J...##
...##.......####......#
##.......##..###......##
#.............#.......## ####
##.......##.............## #..##
.........................###...#
...#####.......................#
####...##......................##
###.....##............##...(....#


You could see a large slime creature (very poisoned), 2 slime creatures and a
wraith.

Vanquished Creatures
  4 skeletal warriors (D:11)
  A deep elf pyromancer (D:11)
  The ghost of Gaff the Stinger, a novice DsVM of Ashenzari (D:6)
  A gargoyle (D:9)
  3 centaur zombies
  A komodo dragon (D:11)
  A troll (D:12)
  6 yaks (D:11)
  4 wyverns
  A wraith (D:11)
  A shadow (D:9)
  4 wargs (D:10)
  Edmund (D:7)
  2 water moccasins (D:9)
  3 orc warriors
  2 sky beasts
  2 necrophages (D:6)
  4 ogres
  2 centaurs
  3 kobold brigands
  An elf zombie (D:8)
  4 bullfrogs (D:6)
  A wyvern skeleton (D:6)
  2 scorpions
  6 killer bees (D:9)
  5 wights (D:7)
  3 howler monkeys
  A centaur skeleton (D:6)
  4 hounds
  2 jellies
  A bullfrog skeleton (D:7)
  9 orc priests
  A gnoll shaman (D:5)
  5 human skeletons (D:8)
  Jessica (D:3)
  2 iguanas
  Crazy Yiuf (D:2)
  2 orc wizards
  A hound skeleton (D:4)
  2 howler monkey zombies
  7 gnolls
  A howler monkey skeleton (D:7)
  4 river rats
  7 adders
  An ufetubus (D:7)
  3 worms
  2 dart slugs
  35 orcs
  5 bats
  4 endoplasms
  A giant cockroach (D:6)
  12 goblins
  10 hobgoblins
  9 jackals
  4 quokkas
  7 ball pythons
  A frilled lizard (D:1)
  A jackal skeleton (D:8)
  26 kobolds
  A kobold zombie (D:8)
  An orc zombie (D:8)
  7 rats
250 creatures vanquished.

Vanquished Creatures (collateral kills)
  A goblin (D:3)
1 creature vanquished.

Vanquished Creatures (others)
  A bullfrog (D:8)
  2 orc priests (D:8)
  An orc wizard (D:8)
  An orc (D:8)
  2 fungi (D:2)
  33 plants (D:6)
40 creatures vanquished.

Grand Total: 291 creatures vanquished

Notes
Turn   | Place    | Note
-------+----------+-------------------------------------------
     0 | D:1      | DarkShadow the Minotaur Fighter began the quest for the
                  | Orb.
     0 | D:1      | Reached XP level 1. HP: 19/19 MP: 0/0
   274 | D:1      | Reached XP level 2. HP: 27/27 MP: 1/1
   530 | D:1      | Reached XP level 3. HP: 33/33 MP: 2/2
   747 | D:1      | Reached skill level 3 in Axes
  1150 | D:2      | Reached XP level 4. HP: 40/41 MP: 3/3
  1430 | D:2      | Found a runed translucent door.
  1440 | D:2      | Noticed Crazy Yiuf
  1448 | D:2      | Killed Crazy Yiuf
  1449 | D:2      | Reached skill level 1 in Dodging
  1582 | D:2      | Upgraded the game from 0.27-a0-780-geb8d7bc690 to
                  | 0.27-a0-795-ge5c3fa52fd
  1687 | D:3      | Noticed Jessica
  1691 | D:3      | Killed Jessica
  1799 | D:3      | Reached XP level 5. HP: 47/47 MP: 4/4
  1894 | D:3      | Reached skill level 4 in Axes
  2131 | D:3      | Found a faded altar of an unknown god.
  2173 | D:3      | Reached skill level 5 in Armour
  2316 | D:3      | Noticed an ogre
  2346 | D:3      | Killed an ogre
  2347 | D:3      | Reached XP level 6. HP: 53/53 MP: 5/5
  3325 | D:4      | Reached skill level 5 in Axes
  3655 | D:4      | Found an opulent altar of Gozag.
  3668 | D:4      | Became a worshipper of Gozag Ym Sagoz the Greedy
  3714 | D:4      | Reached XP level 7. HP: 45/60 MP: 6/6
  4008 | D:4      | Reached skill level 6 in Axes
  4331 | D:5      | Entered Level 5 of the Dungeon
  4352 | D:5      | Reached skill level 5 in Fighting
  4352 | D:5      | Reached skill level 5 in Shields
  4623 | D:5      | Found Tubbeis's Armour Shop.
  4657 | D:5      | Found an ornate altar of the Wu Jian Council.
  4772 | D:5      | Found Pexasoli's Antique Weapon Emporium.
  4798 | D:5      | You fall into a shaft and drop 2 floors!
  4905 | D:6      | Noticed Edmund
  4919 | D:7      | Reached skill level 7 in Axes
  4927 | D:7      | Killed Edmund
  5122 | D:6      | Reached XP level 8. HP: 68/68 MP: 7/7
  5237 | D:6      | Reached skill level 8 in Axes
  5396 | D:5      | Found Arog's Book Shoppe.
  5823 | D:5      | Found a staircase to the Ecumenical Temple.
  5895 | D:6      | Reached skill level 9 in Axes
  5990 | D:6      | Identified Cukaucym's Almanac of Orientation and the
                  | Mountains
  6174 | D:6      | Found a shimmering blue altar of Sif Muna.
  6207 | D:6      | Found a runed translucent door.
  6217 | D:6      | Noticed Gaff's ghost (novice DsVM)
  6245 | D:6      | Killed Gaff's ghost
  6246 | D:6      | Reached skill level 10 in Axes
  6246 | D:6      | Reached skill level 1 in Stealth
  6246 | D:6      | Reached XP level 9. HP: 47/75 MP: 8/8
  6270 | D:6      | Found a runed translucent door.
  6916 | D:7      | Reached skill level 11 in Axes
  7024 | D:7      | Found a broken altar of Ashenzari.
  7406 | D:8      | Found a runed translucent door.
  7408 | D:8      | Found a basalt altar of Yredelemnul.
  7465 | D:8      | Found a staircase to the Lair.
  7771 | D:8      | Reached XP level 10. HP: 86/86 MP: 9/9
  7798 | D:8      | Found a sand-covered staircase.
  8287 | D:9      | Reached skill level 12 in Axes
  8346 | D:9      | Noticed a gargoyle
  8351 | D:9      | Killed a gargoyle
  8663 | D:9      | Identified the +2 robe "Qimegais" {rF++}
  8995 | D:10     | Entered Level 10 of the Dungeon
  9093 | D:10     | Found a staircase to the Orcish Mines.
  9695 | D:11     | Noticed a skeletal warrior
  9697 | D:11     | Noticed a skeletal warrior
  9699 | D:11     | Noticed a skeletal warrior
  9711 | D:11     | Noticed a deep elf pyromancer
  9722 | D:11     | Killed a deep elf pyromancer
  9723 | D:11     | Reached skill level 13 in Axes
  9744 | D:11     | Reached XP level 11. HP: 84/95 MP: 10/10
  9965 | D:11     | Killed a skeletal warrior
 10011 | D:11     | Noticed a skeletal warrior
 10041 | D:11     | Killed a skeletal warrior
 10226 | D:11     | Killed a skeletal warrior
 10227 | D:11     | Reached skill level 10 in Shields
 10308 | D:11     | Found a shadowy altar of Dithmenos.
 10350 | D:11     | Reached skill level 5 in Dodging
 10410 | D:11     | Killed a skeletal warrior
 10518 | D:12     | Noticed a five-headed hydra
 10535 | D:11     | Mangled by a large slime creature

Illustrated notes

Levels and vault maps discovered:
D:1:      nzn_arrival_water_spiral, layout_basic, minmay_tromino_v4_c
D:2:      layout_rooms, nrook_mini_backslash, uniq_crazy_yiuf_cottage
D:3:      minmay_inner_zag, layout_basic, chequers_ecumenical_altar_simple,
          minmay_ogre_servants, uniq_jessica
D:4:      layout_loops_ring, eino_curves_02, grunt_gozag_statues
D:5:      layout_gridville, minmay_temple_entry_enclosed_plants, serial_shops,
          shop, shop, shop, lemuel_altar_in_water
D:6:      wad_woods_tower, layout_cave_pools, ebering_ghost_sewer_f,
          amcnicky_mini_pool_small, tgw_sif, uniq_edmund
D:7:      layout_cave_pools, kennysheep_little_box
D:8:      layout_loops_cross, lair_entry_dummy, nicolae_ossuary_entry_catacombs,
          hangedman_abyss_or_decor_clamps, dk_yredelemnul_ordeal
D:9:      layout_basic
D:10:     layout_loops_ring, minmay_orc_entry_guard_dogs
D:11:     layout_cave_pools, nicolae_dithmenos_through_a_glass_darkly
D:12:     orc_temple, layout_basic

Skill      XL: |  1  2  3  4  5  6  7  8  9 10 11 |
---------------+----------------------------------+-----
Fighting       | 4 5 6 7 8 |  8.9
Armour         | 4 5 6 7 8 |  8.8
Axes           | 3 4 5 7 10 11 13 | 13.9
Shields        | 4 5 6 7 9 10 | 10.1
Dodging        | 1 2 3 4 5 |  5.1
Stealth        | 1 2 |  2.1

Action                   |  1- 3 |  4- 6 |  7- 9 | 10-12 || total
-------------------------+-------+-------+-------+-------++-------
Melee: War axe           |    76 |   108 |   256 |   253 ||   693
       Headbutt          |    12 |    15 |    50 |    74 ||   151
  Use: Scroll            |       |     7 |     9 |     6 ||    22
       Potion            |       |     1 |     2 |     3 ||     6
 Stab: Distracted        |       |       |     2 |     1 ||     3
Armor: Scale mail        |    29 |    28 |    90 |    48 ||   195
Dodge: Dodged            |    38 |    44 |   121 |   104 ||   307
Block: Kite shield       |    42 |    58 |   150 |   144 ||   394

Table legend: (Time is in decaauts)
 A = Elapsed time spent in this place.
 B = Non-inter-level travel time spent in this place.
 C = Inter-level travel time spent in this place.
 D = Time resting spent in this place.
 E = Time spent auto-exploring this place.
 F = Levels seen in this place.
 G = Mean time per level.
                   A        B        C        D        E       F      G
               +--------+--------+--------+--------+--------+-----+--------+
         Total |  10701 |  10558 |    143 |   1176 |   5854 |  12 |  891.8 |
       Dungeon |  10701 |  10558 |    143 |   1176 |   5854 |  12 |  891.8 |
               +--------+--------+--------+--------+--------+-----+--------+

Top non-repeatable levels by time:
     D:3: 1597 daAuts
     D:5: 1112 daAuts
     D:4: 1095 daAuts
     D:7: 1030 daAuts
     D:1: 1005 daAuts
     D:8: 890 daAuts
     D:6: 867 daAuts
    D:11: 860 daAuts
     D:9: 830 daAuts
     D:2: 736 daAuts
    D:10: 663 daAuts
    D:12: 13 daAuts
